 Dungeon Crawl Stone Soup version 0.22.0-27-ga576289 (webtiles) character file.

654 Lew the Skirmisher (level 7, -8/49 HPs)
             Began as an Octopode Abyssal Knight on Aug 21, 2018.
             Was a Believer of Lugonu.
             Mangled by a two-headed ogre
             ... wielding a +0 giant club
              (20 damage)
             ... on level 4 of the Dungeon.
             The game lasted 00:10:53 (4166 turns).

Lew the Skirmisher (Octopode Abyssal Knight)        Turns: 4166, Time: 00:10:54

Health: -8/49      AC:  1    Str: 10 (11) XL:     7   Next: 54%
Magic:  9/9        EV: 15    Int: 13 (14) God:    Lugonu [**....]
Gold:   264        SH:  0    Dex: 14      Spells: 6/6 levels left

rFire    . . .     SeeInvis .   a - +2 falchion
rCold    . . .     Gourm    .   (no shield)
rNeg     . . .     Faith    .   (helmet restricted)
rPois    .         Spirit   .   (no amulet)
rElec    .         Reflect  .   d - ring of stealth
rCorr    .         Harm     .   (no ring)
MR       .....                  (no ring)
Stlth    ++++++....             l - ring of stealth
HPRegen  0.16/turn              (no ring)
MPRegen  0.11/turn              (no ring)
                                (no ring)
                                (no ring)

@: no status effects
A: almost no armour, stealthy swim, amphibious, 8 rings, constrict 8, camouflage
1, gelatinous body 1
a: Depart the Abyss, Bend Space, Renounce Religion


You were on level 4 of the Dungeon.
You worshipped Lugonu.
Lugonu was pleased with you.
You were not hungry.

You visited 1 branch of the dungeon, and saw 4 of its levels.
You visited the Abyss 1 time.
You also visited: Ossuary.

You collected 264 gold pieces.

Inventory:

Hand Weapons
 a - a +2 falchion (weapon)
Jewellery
 d - a ring of stealth (left tentacle)
 l - a ring of stealth (on tentacle)
 n - an uncursed ring of ice
 o - an uncursed ring of fire
Wands
 i - a wand of clouds (11)
Scrolls
 c - a scroll of fog
 e - 2 scrolls of amnesia
 f - 2 scrolls of identify
 g - a scroll of immolation
 j - a scroll of fear
 k - 4 scrolls of teleportation
 q - a scroll of magic mapping
Potions
 h - 2 potions of agility
 m - a potion of ambrosia
 p - a potion of flight
Comestibles
 b - 10 rations


   Skills:
 * Level 4.8 Fighting
 * Level 4.2 Long Blades
 * Level 4.4 Dodging
 + Level 4.1 Stealth
 + Level 3.7 Invocations


You had 6 spell levels left.
You didn't know any spells.
Your spell library was empty.

Dungeon Overview and Level Annotations

Branches:
Dungeon (4/15)
 Temple: D:4-7

Altars:
Dithmenos
Xom
Zin


Innate Abilities, Weirdness & Mutations

You cannot wear most types of armour.
You are very stealthy in the water. (Stealth+)
You are amphibious.
You can wear up to eight rings at the same time.
You can use your tentacles to constrict eight enemies at once.
Your skin changes colour to match your surroundings (Stealth+).
Your rubbery body absorbs attacks. (AC +1, EV +1)


Message History

You feel sick.
You start resting.
You feel sick. x8
You are no longer poisoned.
You start resting.
HP restored.
There is a stone staircase leading down here.
A two-headed ogre comes into view. It is wielding two giant clubs.
The helpless two-headed ogre fails to defend itself.
You slash the two-headed ogre!
The two-headed ogre is lightly wounded.
The two-headed ogre hits you with a giant club!!
The two-headed ogre closely misses you.
You hit the two-headed ogre.
The two-headed ogre is lightly wounded.
The two-headed ogre hits you with a giant club! x2
* * * LOW HITPOINT WARNING * * *
There is a stone staircase leading down here.
The two-headed ogre hits you with a giant club!!
You die...

#...# #............###.###
#.#.### #...#...........)...
).....# ##..................
#.###.# #.##.##...>#..#.### #.#
#.# #.##.#####.#.......
#†###.## #.##.#####.#.##.###
#......########.##.#.....#.##.#
#####................#####.##.#
#.....#########.@O......##.##.#
#.###.# ####.####.##.##.# #.#
#.# #.# *,,.....# #.###.#
#.#######.#### ......#
#.........# ####### ##########*


You could see a two-headed ogre.

Vanquished Creatures
  Sigmund (D:3)
  The ghost of grocchini the Insei, an amateur MfTm (D:3)
  An ogre (D:4)
  An elf zombie (Ossuary)
  2 worker ants (D:4)
  3 mummies (Ossuary)
  Robin (D:2)
  2 adders (D:2)
  An ooze (D:1)
  3 worms (D:2)
  A dart slug (D:1)
  A leopard gecko (D:2)
  An orc (D:4)
  A ball python (D:1)
  2 giant cockroaches
  15 goblins
  9 hobgoblins
  6 jackals (D:2)
  3 kobolds
  A quokka (D:4)
  8 bats
  4 frilled lizards
  A gnoll zombie (Ossuary)
  A goblin zombie (Ossuary)
  3 hobgoblin zombies (Ossuary)
  3 kobold zombies (Ossuary)
  2 orc zombies (Ossuary)
  A quokka skeleton (D:4)
  6 quokka zombies (Ossuary)
  5 rats
  A rat zombie (Ossuary)
91 creatures vanquished.

Notes
Turn   | Place    | Note
-------+----------+-------------------------------------------
     0 | Abyss:1  | Lew the Octopode Abyssal Knight began the quest for the Orb.
     0 | Abyss:1  | Reached XP level 1. HP: 16/16 MP: 2/2
    10 | Abyss:1  | Noticed a large abomination
    38 | Abyss:1  | Noticed a large abomination
    53 | Abyss:1  | Noticed an apocalypse crab
    77 | Abyss:1  | Noticed an eye of draining
    80 | D:1      | Escaped the Abyss
   196 | D:1      | Reached * piety under Lugonu
   197 | D:1      | Reached XP level 2. HP: 14/21 MP: 3/3
   206 | D:1      | Reached skill level 1 in Stealth
   615 | D:1      | Reached XP level 3. HP: 23/26 MP: 4/4
  1265 | D:2      | Reached XP level 4. HP: 8/31 MP: 5/5
  1704 | D:2      | Noticed Robin
  1760 | D:2      | Reached ** piety under Lugonu
  1818 | D:2      | Killed Robin
  2463 | D:3      | Found a runed door.
  2463 | D:3      | Noticed grocchini's ghost (amateur MfTm)
  2520 | D:3      | Noticed Sigmund
  2534 | D:3      | Killed Sigmund
  2534 | D:3      | Reached XP level 5. HP: 15/37 MP: 7/7
  2534 | D:3      | Reached XP level 6. HP: 17/43 MP: 8/8
  2745 | D:3      | Killed grocchini's ghost
  2888 | D:4      | Found a shadowy altar of Dithmenos.
  2889 | D:4      | Found a glowing silver altar of Zin.
  3047 | D:4      | Found a shimmering altar of Xom.
  3085 | D:4      | Found a sand-covered staircase.
  3093 | Ossuary  | Entered an ossuary
  3134 | Ossuary  | Reached XP level 7. HP: 24/49 MP: 9/9
  3431 | Ossuary  | Reached *** piety under Lugonu
  4157 | D:4      | Noticed a two-headed ogre
  4166 | D:4      | Mangled by a two-headed ogre

Skill      XL: |  1  2  3  4  5  6  7 |
---------------+----------------------+-----
Stealth        | 1 2 3 4 |  4.1
Dodging        | 3 4 |  4.4
Fighting       | 4 |  4.8
Long Blades    | 3 4 |  4.2
Invocations    | 3 |  3.7

Action                   |  1- 3 |  4- 6 |  7- 9 || total
-------------------------+-------+-------+-------++-------
Melee: Falchion          |    62 |    91 |    50 ||   203
       Tentacles         |    11 |    18 |    16 ||    45
       Constrict         |    18 |    28 |    10 ||    56
Invok: Depart the Abyss  |     1 |       |       ||     1
Evoke: Wand              |       |     1 |       ||     1
  Use: Scroll            |     4 |     1 |     9 ||    14
       Potion            |     1 |     3 |       ||     4
 Stab: Sleeping          |     7 |    12 |     5 ||    24
  Eat: Chunk             |     1 |     6 |       ||     7
       Ration            |       |       |     1 ||     1
Armor: Skin              |     7 |     5 |     1 ||    13
Dodge: Dodged            |    43 |    51 |    31 ||   125
       Rpst.: Falchion   |    15 |    15 |     7 ||    37
